Map: Dusk Towers

Players

Nikolai - Winner!

  • Race: Protoss Protoss
  • League: Silver

snooter

  • Race: Terran Terran
  • League: Silver

VOD

Have the link to the VOD?

Description

Time

  • Played on: Feb. 17, 2016, 12:11 a.m.
  • Length: 15:18
Show
View Real Time Build Order
Export as new Build Order

Nikolai Protoss - Winner!

Build Orders:  

Get SALT Encoding   

  12  0:00  Probe (Chrono Boost)  
  13  0:11  Probe (Chrono Boost)  
  14  0:17  Pylon  
  14  0:22  Probe (Chrono Boost)  
  16  0:35  Probe (Chrono Boost)  
  16  0:38  Gateway  
  16  0:46  Probe (Chrono Boost)  
  16  0:48  Assimilator  
  17  1:02  Probe (Chrono Boost)  
  18  1:06  Assimilator  
  18  1:13  Probe (Chrono Boost)  
  19  1:23  Probe (Chrono Boost)  
  19  1:25  Cybernetics Core  
  20  1:34  Probe (Chrono Boost)  
  21  1:42  Pylon  
  21  1:58  Nexus  
  20  2:03  Pylon  
  20  2:10  Mothership Core (Chrono Boost)  
  22  2:19  Adept  
  24  2:29  Probe (Chrono Boost)  
  25  2:39  Pylon, Probe (Chrono Boost)  
  26  2:50  Probe (Chrono Boost)  
  27  2:59  Robotics Facility  
  27  3:02  Gateway  
  27  3:08  Probe (Chrono Boost)  
  28  3:19  Probe (Chrono Boost)  
  30  3:20  Probe (Chrono Boost)  
  30  3:30  Probe (Chrono Boost)  
  30  3:33  Probe (Chrono Boost)  
  32  3:40  Probe (Chrono Boost)  
  33  3:42  Gateway  
  33  3:47  Pylon  
  32  4:08  Robotics Bay  
  32  4:10  Warp Gate  
  32  4:13  Adept x2  
  36  4:19  Probe x2 (Chrono Boost)  
  38  4:30  Probe x2 (Chrono Boost)  
  40  4:40  Probe x2 (Chrono Boost)  
  40  4:41  Pylon  
  40  4:45  Adept  
  44  4:46  Adept  
  44  4:47  Adept  
  48  4:55  Disruptor  
  48  4:58  Probe x2 (Chrono Boost)  
  53  5:11  Pylon  
  53  5:16  Pylon, Adept x2  
  53  5:17  Adept  
  59  5:31  Observer  
  60  5:55  Gateway  
  60  6:00  Pylon  
  60  6:05  Pylon  
  60  6:27  Disruptor  
  60  6:29  Probe x2 (Chrono Boost)  
  65  6:40  Probe x2 (Chrono Boost)  
  65  6:43  Nexus  
  65  6:46  Pylon, Zealot x3  
  73  6:47  Pylon  
  73  6:50  Pylon, Probe (Chrono Boost)  
  73  7:30  Stalker x4  
  81  7:40  Gateway x2  
  81  7:42  Gateway  
  81  7:47  Gateway, Twilight Council  
  81  7:48  Forge  
  81  7:49  Gateway  
  81  7:50  Forge  
  81  8:19  Warp Prism  
  83  8:23  Stalker x4  
  70  9:35  Stalker x4  
  78  9:49  Protoss Ground Armor Level 1, Protoss Ground Weapons Level 1  
  78  9:54  Probe x3 (Chrono Boost)  
  78  9:57  Stalker x4  
  78  9:58  Stalker x5  
  99  10:05  Probe x3 (Chrono Boost)  
  102  10:15  Probe (Chrono Boost)  
  102  10:16  Disruptor  
  106  10:21  Stalker  
  106  10:27  Assimilator  
  108  10:30  Probe (Chrono Boost)  
  108  10:31  Assimilator  
  109  10:40  Probe (Chrono Boost)  
  110  10:45  Stalker x2  
  110  10:46  Stalker  
  116  10:51  Disruptor, Probe (Chrono Boost)  
  116  10:54  Assimilator  
  120  10:58  Assimilator  
  120  11:01  Probe (Chrono Boost)  
  121  11:12  Probe (Chrono Boost)  
  121  11:14  Stalker x3  
  121  11:16  Zealot x4  
  121  11:17  Zealot x2  
  133  11:53  Zealot x4  
  141  11:58  Protoss Ground Armor Level 2  
  141  11:59  Protoss Ground Weapons Level 2  
  141  12:08  Pylon  
  141  12:09  Pylon  
  141  12:11  Pylon  
  141  12:13  Pylon  
  141  12:33  Stalker x2  
  141  12:34  Stalker x4  
  147  13:01  Stalker x2  
  147  13:02  Stalker x3  
  125  13:27  Stalker  
  125  13:28  Stalker x6  
  125  13:29  Stalker x2  
  82  14:12  Stalker x4  
  82  14:13  Stalker x5  
  78  15:00  Stalker x4  
Show
View Real Time Build Order
Export as new Build Order

snooter Terran 

Build Orders: MMM Bio 

Get SALT Encoding   

  12  0:13  Supply Depot  
  12  0:37  Barracks  
  12  0:46  Barracks  
  12  0:47  SCV  
  13  0:54  Refinery  
  13  1:01  SCV  
  14  1:08  Refinery  
  14  1:13  SCV  
  15  1:32  Marine  
  16  1:35  Marine  
  17  1:40  SCV  
  18  1:49  Barracks  
  18  1:54  Reaper  
  18  2:00  Reaper  
  20  2:10  Orbital Command  
  20  2:29  Reaper  
  21  2:35  Reaper  
  22  2:43  Reaper  
  23  2:49  Supply Depot  
  23  3:10  Reaper  
  22  3:39  Command Center  
  19  4:07  Marine x3  
  22  4:19  Barracks  
  22  4:25  Marine x3  
  22  4:28  Barracks  
  25  4:37  SCV  
  26  4:43  Marine x3  
  29  4:49  SCV  
  30  4:55  Engineering Bay  
  30  5:01  SCV  
  30  5:02  SCV  
  30  5:05  Barracks Tech Lab  
  32  5:08  Barracks Tech Lab  
  32  5:09  Barracks Reactor  
  32  5:13  SCV  
  34  5:14  SCV  
  34  5:20  Supply Depot  
  34  5:24  Supply Depot  
  34  5:25  Terran Infantry Weapons Level 1  
  34  5:26  SCV, Supply Depot  
  34  5:27  Stimpack  
  35  5:35  SCV  
  36  5:39  SCV  
  36  5:42  Combat Shields  
  37  5:47  SCV, Barracks Reactor  
  38  5:50  Barracks Reactor  
  38  5:51  SCV  
  38  5:53  Marauder  
  41  5:57  Marauder  
  41  6:03  SCV  
  44  6:12  Missile Turret  
  44  6:14  Missile Turret  
  44  6:18  Marine x2  
  44  6:22  Marauder  
  44  6:23  Marauder  
  49  6:28  Marine x2  
  49  6:30  Marine  
  52  6:37  Orbital Command  
  52  6:44  Marine x2  
  54  6:52  Marine x2  
  54  6:53  Factory  
  54  6:54  Marine x2  
  57  6:57  Marauder  
  60  7:02  Marauder  
  62  7:19  Terran Infantry Armor Level 1, Marine x4  
  62  7:20  Marine x2  
  62  7:21  Marine  
  69  7:26  SCV  
  70  7:37  Missile Turret  
  70  7:39  Factory Reactor  
  70  7:42  Starport  
  70  7:47  Supply Depot  
  70  7:53  Supply Depot  
  70  7:56  Concussive Shells  
  70  8:09  Marauder  
  71  8:31  Factory Tech Lab  
  71  8:36  Medivac  
  71  8:37  Medivac  
  34  9:29  Marauder  
  34  9:30  Marauder  
  36  9:31  Marine  
  36  9:32  Marine x4  
  41  9:49  Marine x5  
  41  9:50  Supply Depot  
  41  9:51  Marauder x2  
  50  9:54  Siege Tank  
  53  10:07  Marine x5  
  52  10:12  Marauder x2  
  61  10:24  Marine  
  61  10:25  Marine x4  
  66  10:33  Marine x2  
  67  10:43  Marine  
  68  10:51  Marine, Siege Tank, Marauder  
  74  11:09  Marauder  
  75  11:13  Marauder  
  58  11:35  Liberator  
  58  11:36  Liberator  
  64  12:13  Siege Tank  
  67  12:24  Marine x7  
  74  12:42  Marine x7  
  81  12:52  Medivac  
  77  12:59  Marine  
  77  13:00  Marine x6  
  81  13:14  Liberator  
  81  13:17  Marine  
  81  13:18  Marine x6  
  61  13:33  Siege Tank  
  67  13:36  Marine x4  
  67  13:37  Marine x3  
  70  13:54  Marine x6  
  47  14:11  Marine x2  
  47  14:12  Marine x4  
Tags
 
Composition
MMM Bio
Matchup
PvT
Add a new tag
Caveats
  • Supply blocks, unpowered buildings, or Contaminate may cause inaccurate times.
  • Supply counts are checked every 10 seconds.